 Dungeon Crawl Stone Soup version 0.24.0-10-g970556be89 (webtiles) character file.

Game seed: 3181605762624648723, levelgen mode: classic

217582 EnegeticOcto the Spear-Bearer (level 18, 0/145 HPs)
             Began as a Mummy Chaos Knight on Nov 3, 2019.
             Was a Plaything of Xom.
             Slain by a snapping turtle (5 damage)
             ... on level 4 of the Shoals.
             The game lasted 01:03:38 (36955 turns).

EnegeticOcto the Spear-Bearer (Mummy Chaos Knight) Turns: 36955, Time: 01:03:39

Health: 0/145      AC: 25    Str: 18    XL:     18   Next: 39%
Magic:  25/25      EV: 14    Int: 20    God:    Xom [.*....]
Gold:   2381       SH: 14    Dex: 15    Spells: 7/27 levels left

rFire    x . .     SeeInvis +   w - +3 demon trident (vamp)
rCold    + . .     Gourm    .   C - +1 shield {AC+3}
rNeg     + + +     Faith    .   d - +3 scale mail
rPois    ∞         Spirit   .   z - +1 helmet
rElec    .         Reflect  .   y - +1 cloak
rCorr    .         Harm     .   p - +1 pair of gloves {Str+3}
MR       ++...                  B - +2 pair of boots
Stlth    ..........             e - amulet of regeneration
HPRegen  0.74/turn              M - ring "Cothral" {Int+2 Slay+3 Stlth-}
MPRegen  0.19/turn              N - ring of Tugoh {Dex+2 Slay+2 SInv}

@: no status effects
A: no food or potions, fire vulnerability, cold resistance 1, negative energy
resistance 3, torment resistance, unbreathing, in touch with death 1
}: 1/15 runes: serpentine
a: Renounce Religion


You were on level 4 of the Shoals.
You worshipped Xom.
You were a plaything of Xom.
You were not hungry.

You visited 5 branches of the dungeon, and saw 31 of its levels.
You visited the Abyss 1 time.
You also visited: Sewer and Ossuary.

You collected 3348 gold pieces.
You spent 967 gold pieces at shops.

Inventory:

Hand Weapons
 w - a +3 vampiric demon trident (weapon)
Missiles
 a - 8 throwing nets {!f}
 k - 72 poisoned darts (quivered)
 q - 29 javelins
Armour
 d - a +3 scale mail (worn)
 p - a +1 pair of gloves of strength (worn)
 y - a +1 cloak (worn)
 z - a +1 helmet (worn)
 B - a +2 pair of boots (worn)
 C - a +1 shield of protection (worn)
 L - a scarf of cloud immunity
Jewellery
 e - an amulet of regeneration (around neck)
 i - an uncursed ring of protection from cold
 m - an uncursed ring of protection from magic
 x - an uncursed ring of protection from fire
 D - a +4 ring of dexterity
 E - a +3 ring of evasion
 I - an uncursed ring of wizardry
 M - the ring "Cothral" (left hand) {Int+2 Slay+3 Stlth-}
   (You found it on level 13 of the Dungeon)

   [ring of attention]

   It affects your intelligence (+2).
   It affects your accuracy and damage with ranged weapons and melee attacks
   (+3).
   It makes you less stealthy.
 N - the ring of Tugoh (right hand) {Dex+2 Slay+2 SInv}
   (You found it on level 4 of the Snake Pit)

   [ring of see invisible]

   It affects your dexterity (+2).
   It affects your accuracy and damage with ranged weapons and melee attacks
   (+2).
   It lets you see invisible.
Wands
 f - a wand of flame (20)
 g - a wand of digging (16)
 h - a wand of disintegration (10)
 n - a wand of random effects (43)
 t - a wand of iceblast (21)
 v - a wand of polymorph (4)
 J - a wand of acid (28)
 O - a wand of paralysis (6)
Scrolls
 b - 5 scrolls of identify {@r1}
 c - 8 scrolls of fog {!r}
 j - 9 scrolls of magic mapping {@r5 !r}
 l - 7 scrolls of teleportation {@r3 !r}
 r - 10 scrolls of immolation
 s - 11 scrolls of remove curse {@r2}
 u - 5 scrolls of amnesia
 A - 3 scrolls of enchant armour
 H - a scroll of noise
 K - 2 scrolls of brand weapon
Miscellaneous
 F - a box of beasts
 G - a lightning rod (4/4)


   Skills:
 + Level 13.9 Fighting
   Level 2.4 Short Blades
 - Level 14.0 Polearms
 - Level 9.0 Armour
 - Level 8.0 Dodging
 + Level 13.5 Shields
 - Level 5.0 Spellcasting
 + Level 6.6 Summonings
 - Level 6.0 Translocations
 - Level 4.9 Evocations


You had 7 spell levels left.
You knew the following spells:

 Your Spells              Type           Power        Failure   Level  Hunger
a - Apportation           Tloc           ####..       3%          1    N/A
b - Aura of Abjuration    Summ           ####......   54%         5    N/A
c - Summon Forest         Summ/Tloc      ####......   58%         5    N/A
d - Confusing Touch       Hex            #.....       36%         1    N/A
e - Summon Mana Viper     Hex/Summ       ###.....     95%         5    N/A
O - Summon Butterflies    Summ           ####....     2%          1    N/A
Y - Blink                 Tloc           N/A          4%          2    N/A

Your spell library contained the following spells:

 Spells                   Type           Power        Failure   Level  Hunger
 Summon Small Mammal      Summ           ####         2%          1    N/A
 Call Imp                 Summ           ####....     3%          2    N/A
 Call Canine Familiar     Summ           ####....     7%          3    N/A
 Recall                   Summ/Tloc      N/A          9%          3    N/A
 Portal Projectile        Hex/Tloc       ###...       32%         3    N/A
 Animate Skeleton         Necr           N/A          36%         1    N/A
 Corona                   Hex            #......      36%         1    N/A
 Freeze                   Ice            #...         36%         1    N/A
 Magic Dart               Conj           #...         36%         1    N/A
 Corpse Rot               Necr           N/A          50%         2    N/A
 Ensorcelled Hibernation  Hex/Ice        #.....       50%         2    N/A
 Poisonous Vapours        Pois/Air       #.....       50%         2    N/A
 Slow                     Hex            #.......     50%         2    N/A
 Throw Frost              Conj/Ice       #.....       50%         2    N/A
 Summon Demon             Summ           ####......   54%         5    N/A
 Summon Ice Beast         Ice/Summ       ###.....     67%         4    N/A
 Confuse                  Hex            #.......     73%         3    N/A
 Conjure Flame            Conj/Fire      #.......     73%         3    N/A
 Dazzling Spray           Conj/Hex       #.....       73%         3    N/A
 Inner Flame              Hex/Fire       #.......     73%         3    N/A
 Mephitic Cloud           Conj/Pois/Air  #.......     73%         3    N/A
 Ozocubu's Armour         Chrm/Ice       #.......     73%         3    N/A
 Stone Arrow              Conj/Erth      #.....       73%         3    N/A
 Tukima's Dance           Hex            #.......     73%         3    N/A
 Cause Fear               Hex            #.........   98%         4    N/A
 Leda's Liquefaction      Hex/Erth       #.........   98%         4    N/A
 Throw Icicle             Conj/Ice       #.......     98%         4    N/A
 Shadow Creatures         Summ           N/A          98%         6    N/A
 Freezing Cloud           Conj/Ice/Air   #.........   100%        6    N/A
 Ring of Flames           Chrm/Fire      #.........   100%        7    N/A
 Summon Hydra             Summ           ####......   100%        7    N/A
 Hydra Form               Tmut           Unusable     N/A         6    N/A

Dungeon Overview and Level Annotations

Branches:
Dungeon (15/15)            Temple (0/1) D:7            Lair (6/6) D:10
 Shoals (4/4) Lair:4        Snake (4/4) Lair:3        Slime (0/5) Lair:5
    Orc (2/2) D:11            Elf (0/3) Orc:2        Vaults (0/5) D:13
 Depths (0/5) D:15          Sewer (visited)         Ossuary (visited)

Altars:
Gozag
Hepliaklqana
Nemelex Xobeh
Qazlal
Ru
Sif Muna
Trog
Uskayaw
Vehumet
Wu Jian
Xom
Yredelemnul
Beogh
Jiyva

Shops:
D:5 }*   D:6 *%}   D:11 !:?[(   Orc:2 *=!(

Annotations:
D:13 2 transporters, Lanoc's ghost, journeyman NaGl
Lair:5 exclusion: downstairs
Lair:6 exclusion: 2 oklob plants
Shoals:3 2 runed translucent doors, KappaVara's ghost, adept DsFi
Snake:2 1 runed translucent door, littlecub's ghost, journeyman DsGl


Innate Abilities, Weirdness & Mutations

You do not eat or drink.
Your flesh is vulnerable to fire.
You are immune to poison.
Your flesh is cold resistant. (rC+)
You are immune to negative energy. (rN+++)
You are immune to unholy pain and torment.
You can survive without breathing.
You are in touch with the powers of death.


Message History

A merfolk comes into view. It is wielding a +0 trident.
Attack whom?
Press: ? - help, Dir - move target cursor, f - snapping turtle
Aim: a snapping turtle You reach to attack!
You puncture the snapping turtle!
The snapping turtle is lightly wounded.
The merfolk hits you from afar with a cursed +0 trident.
You block the merfolk's attack.
Attack whom?
Press: ? - help, Dir - move target cursor, f - merfolk siren, p - snapping turtle
Aim: a merfolk siren, wielding a +0 spear (mesmerising)
You reach to attack!
You puncture the merfolk siren!
You feel better.
The merfolk siren is moderately wounded.
You block the snapping turtle's attack.
The snapping turtle bites you from afar.
A merfolk javelineer comes into view. It is wielding a +2 spear of pain.
The merfolk hits you but does no damage.
Attack whom?
Press: ? - help, Dir - move target cursor, f/p - merfolk siren
Aim: a merfolk siren, wielding a +0 spear (moderately wounded, mesmerising)
You reach to attack!
The merfolk javelineer shouts!
You impale the merfolk siren!!
The merfolk siren is almost dead.
The merfolk siren chants its luring song.
You block the merfolk's attack.
Attack whom?
Press: ? - help, Dir - move target cursor, f/p - merfolk siren
Aim: a merfolk siren, wielding a +0 spear (almost dead, mesmerising)
You reach to attack!
You hit the merfolk siren.
The merfolk siren is almost dead.
The merfolk javelineer throws a silver javelin.
The silver javelin pierces through you but does no damage.
The snapping turtle bites you from afar.
You block the snapping turtle's attack.
The merfolk siren chants its luring song.
You block the merfolk's attack.
Attack whom?
Press: ? - help, Dir - move target cursor, f/p - merfolk siren
Aim: a merfolk siren, wielding a +0 spear (almost dead, mesmerising)
You reach to attack!
You impale the merfolk siren!!
You break out of your daze!
You kill the merfolk siren!
You block the snapping turtle's attack.
The snapping turtle bites you but does no damage.
The merfolk hits you from afar with a +0 halberd!
The merfolk javelineer throws a silver javelin.
The silver javelin barely misses you. You block the merfolk's attack.
The merfolk throws a throwing net.
The throwing net hits you.
You become entangled in the net!
The snapping turtle completely misses you.
There is a stone staircase leading up here.
You see here a throwing net {!f}.
You can't do that while held in a net.
You struggle against the net.
The merfolk hits you but does no damage.
The merfolk javelineer throws a silver javelin.
The silver javelin pierces through you.
The snapping turtle bites you from afar!
You struggle against the net.
The merfolk barely misses you.
The snapping turtle bites you from afar!
The merfolk hits you from afar with a cursed +0 trident.
The merfolk javelineer throws a silver javelin.
The silver javelin pierces through you!
The snapping turtle bites you but does no damage.
You struggle against the net.
The snapping turtle barely misses you.
The merfolk hits you but does no damage. x2
The merfolk javelineer throws a silver javelin.
The silver javelin pierces through you!
The snapping turtle bites you but does no damage.
You struggle against the net.
The snapping turtle bites you but does no damage.
The merfolk hits you but does no damage.
The merfolk javelineer throws a silver javelin.
The silver javelin pierces through you but does no damage.
The merfolk closely misses you.
The snapping turtle bites you but does no damage.
You hear a splash.
Really read
c - 9 scrolls of fog {!r}?
As you read the scroll of fog {!r}, it crumbles to dust.
The scroll dissolves into smoke.
The snapping turtle bites you but does no damage.
The merfolk javelineer throws a silver javelin.
The silver javelin pierces through you!
* * * LOW HITPOINT WARNING * * *
x2 The merfolk hits you from afar with a +0 trident!
* * * LOW HITPOINT WARNING * * *
The merfolk closely misses you.
The snapping turtle bites you from afar!!
* * * LOW HITPOINT WARNING * * *
Xom thinks this is hilarious!
Okay, then.
You rip the net and break free!
The snapping turtle bites you from afar.
* * * LOW HITPOINT WARNING * * *
The merfolk javelineer throws a silver javelin.
The silver javelin barely misses you. You block the merfolk's attack.
The snapping turtle bites you from afar.
You die...
Xom thinks this is hilarious!

≈≈≈≈,.≈≈≈≈≈≈≈≈≈≈≈≈≈≈≈≈≈≈≈≈≈≈≈
≈≈≈≈≈≈≈≈≈m....≈≈≈≈≈≈≈≈≈≈≈≈≈≈≈
≈≈≈≈≈≈≈≈.......≈≈≈≈≈≈≈≈≈≈≈≈≈≈
≈≈≈≈≈≈≈≈$.......≈≈≈≈≈≈≈≈≈≈≈≈≈
≈≈≈≈≈≈≈≈...........≈≈≈≈≈≈≈≈≈≈
≈≈≈≈≈≈≈≈...........≈≈≈≈≈≈≈≈≈≈
≈≈≈≈≈≈≈............≈≈≈≈≈≈≈≈≈≈
≈≈≈≈≈≈≈......)m§§§§≈≈≈≈≈≈≈≈≈≈
≈≈≈≈≈≈.......mt§@§P≈≈≈≈≈≈≈≈≈≈
≈.............t§§§m≈≈≈≈≈≈≈≈≈≈
............≈..≈≈≈P≈≈≈≈≈≈≈≈≈≈
..........#.≈≈≈≈≈P≈≈≈≈≈≈≈≈≈≈≈
...........≈≈≈≈≈≈≈≈≈≈≈≈≈≈≈≈≈≈
.......#≈####≈≈P≈≈≈≈≈≈≈≈≈≈≈≈≈
......$###**##≈≈≈≈≈≈≈≈≈≈≈≈≈≈≈
≈$...##.,**,,##≈≈≈≈≈≈≈≈≈≈≈≈≈≈
≈≈≈≈.≈*..,≈,,,*≈≈PPPP≈≈≈≈≈≈≈≈


You could see a merfolk javelineer, 2 snapping turtles and 3 merfolk.

Vanquished Creatures
  Agnes (Snake:3)
  7 nagarajas
  An azure jelly (Snake:3)
  An orc warlord (Orc:1)
  A stone giant (Orc:2)
  Snorg (Orc:2)
  3 merfolk impalers
  A fire dragon (D:15)
  A merfolk javelineer (Shoals:3)
  Fannar (D:12)
  10 naga warriors
  3 hydras
  Erolcha (D:10)
  A vault guard (D:13)
  An ice dragon (D:15)
  9 anacondas
  A death knight (D:15)
  2 merfolk avatars (Shoals:2)
  2 two-headed ogres
  2 centaur warriors
  2 merfolk aquamancers
  A death yak (Lair:4)
  11 naga sharpshooters
  3 shock serpents
  2 salamander mystics (Snake:3)
  6 sea snakes
  4 naga ritualists
  A glowing orange brain (Snake:4)
  A swamp dragon (Snake:2)
  Pikel (D:5)
  A phantasmal warrior (D:14)
  4 harpies
  5 orc knights
  9 mana vipers
  A shining eye (Snake:1)
  5 cyclopes
  6 orc sorcerers (Orc:2)
  2 fauns (Shoals:1)
  14 salamanders
  A wolf spider (Shoals:2)
  2 slime creatures (D:14)
  A deep elf mage (D:13)
  A moth of wrath (Snake:4)
  8 manticores
  12 ugly things
  43 black mambas
  Maurice (D:12)
  3 merfolk sirens
  12 elephants
  A torpor snail (Lair:5)
  18 naga magi
  2 water nymphs
  27 spiny frogs
  A gargoyle (D:14)
  An eye of devastation (D:15)
  A rime drake (Lair:3)
  5 yaktaurs (D:15)
  3 freezing wraiths (D:14)
  6 komodo dragons
  A polar bear (Lair:6)
  6 trolls
  4 tyrant leeches (Lair:6)
  A hornet (D:12)
  17 merfolk
  6 wind drakes
  18 blink frogs
  3 dream sheep (Shoals:2)
  10 hippogriffs
  3 snapping turtles
  A shadow (D:15)
  A spriggan (shapeshifter) (Snake:4)
  3 wyverns
  A vampire (D:10)
  3 wraiths
  10 water elementals
  3 hogs (Snake:3)
  3 fire bats (Shoals:2)
  3 basilisks
  44 yaks
  12 vampire mosquitoes
  6 wargs
  5 hungry ghosts
  A spatial vortex (Snake:1)
  Menkaure (D:5)
  54 nagas
  2 soldier ants
  An acid dragon (D:15)
  8 water moccasins
  A floating eye (Lair:6)
  5 porcupines
  A swamp drake (D:10)
  2 black bears
  2 ice beasts
  4 sky beasts
  3 eyes of draining
  A necrophage (D:8)
  28 orc warriors
  A tengu (D:4)
  19 wolves
  19 ogres
  A phantom (D:7)
  14 centaurs
  12 crocodiles
  4 big kobolds
  An elf zombie (D:15)
  Blork the orc (D:6)
  23 bullfrogs
  A wyvern zombie (D:13)
  8 gnoll sergeants
  A wyvern skeleton (D:7)
  7 scorpions
  6 killer bees
  6 wights
  A troll skeleton (D:15)
  An electric eel (Lair:6)
  2 howler monkeys
  7 crimson imps
  3 human zombies
  3 centaur skeletons
  A centaur zombie (D:6)
  4 jellies
  14 orc priests
  12 hounds
  Ijyb (D:4)
  4 bullfrog skeletons
  4 iguanas
  62 orc wizards
  6 worker ants
  2 big kobold zombies (Ossuary)
  An ogre skeleton (D:15)
  A hound skeleton (D:4)
  6 mummies
  A worker ant zombie (D:10)
  17 adders
  13 gnolls
  4 scorpion zombies (Ossuary)
  3 river rats
  A shadow imp (D:13)
  2 oozes
  2 worms
  A dart slug (D:1)
  10 leopard geckos
  103 orcs
  A ball python (D:2)
  5 giant cockroaches
  9 goblins
  7 hobgoblins
  11 jackals
  18 kobolds
  A quokka (D:8)
  7 bats
  2 frilled lizards
  2 gnoll zombies (Ossuary)
  3 goblin zombies (Ossuary)
  A hobgoblin zombie (Ossuary)
  2 jackal zombies
  4 kobold zombies (Ossuary)
  A leopard gecko skeleton (D:3)
  An orc skeleton (D:15)
  An orc zombie (D:15)
  13 rats
  A plant (Shoals:3)
1062 creatures vanquished.

Vanquished Creatures (collateral kills)
  2 harpies (Shoals:1)
  A manticore (Shoals:1)
  A gargoyle (D:10)
  A troll (D:11)
  A water elemental (Shoals:1)
  A yak (Lair:2)
  Eustachio (D:6)
  Grum (D:9)
  A hungry ghost (D:7)
  2 orc warriors (Orc:2)
  A centaur (D:7)
  A big kobold (D:11)
  A scorpion (Ossuary)
  2 wights (D:8)
  A bullfrog zombie (D:6)
  A crimson imp (D:6)
  A centaur zombie (Ossuary)
  A hound (D:8)
  An orc wizard (D:10)
  An orc priest (D:7)
  An iguana (D:6)
  9 orcs
  A giant cockroach (D:8)
  2 jackals (D:4)
36 creatures vanquished.

Vanquished Creatures (others)
  A yak (Lair:2)
  2 nagas (Snake:4)
  An ogre (D:11)
  2 centaurs (D:12)
  A big kobold (D:11)
  A scorpion (Ossuary)
  An orc wizard (D:3)
  A mummy (Ossuary)
  An orc (Orc:2)
  A frilled lizard (D:5)
  6 fungi
  52 plants
70 creatures vanquished.

Grand Total: 1168 creatures vanquished

Notes
Turn   | Place    | Note
-------+----------+-------------------------------------------
     0 | D:1      | EnegeticOcto the Mummy Chaos Knight began the quest for the
                  | Orb.
     0 | D:1      | Reached XP level 1. HP: 18/18 MP: 1/1
    77 | D:1      | XOM: silly message
   112 | D:1      | XOM: butterfly on damage
   157 | D:1      | Reached XP level 2. HP: 19/24 MP: 2/2
   566 | D:1      | XOM: stat loss: -1 Int (10/11)
   620 | D:1      | XOM: mild Fire miscast
   824 | D:1      | XOM: cloud trail
   864 | D:1      | XOM: harmless Summ miscast
  1073 | D:1      | Reached XP level 3. HP: 30/30 MP: 3/3
  1248 | D:1      | XOM: mild Tmut miscast
  1334 | D:1      | XOM: butterfly on damage
  1349 | D:1      | XOM: god gift: copper wand {god gift}
  1911 | D:2      | Found a shimmering blue altar of Sif Muna.
  1925 | D:2      | Reached XP level 4. HP: 18/38 MP: 4/4
  2124 | D:2      | Reached skill level 1 in Polearms
  2124 | D:2      | Reached skill level 1 in Shields
  2305 | D:2      | XOM: mild Erth miscast
  2726 | D:2      | Found a sparkling altar of Nemelex Xobeh.
  2765 | D:2      | Reached XP level 5. HP: 43/43 MP: 5/5
  3079 | D:3      | XOM: 1-stop teleportation journey
  3115 | D:3      | XOM: chaos upgrade
  3133 | D:3      | Reached skill level 5 in Fighting
  3133 | D:3      | Reached skill level 2 in Polearms
  3269 | D:3      | Found a hide-covered altar of Uskayaw.
  3661 | D:3      | Found an ornate altar of the Wu Jian Council.
  3817 | D:4      | Reached XP level 6. HP: 50/51 MP: 6/6
  3831 | D:4      | Noticed Edmund
  3834 | D:4      | XOM: noise
  3836 | D:4      | XOM: blink monster(s)
  3842 | D:4      | XOM: chaos cloud
  3846 | D:4      | XOM: stat loss: -1 Str (14/15)
  3851 | D:4      | Noticed Edmund
  3851 | D:4      | Edmund changed into Edmund the tengu
  3873 | D:4      | Killed Edmund the tengu
  4037 | D:4      | XOM: cast spell 'Call Canine Familiar'
  4096 | D:4      | Noticed Ijyb
  4138 | D:4      | Killed Ijyb
  4324 | D:4      | Reached skill level 3 in Polearms
  4324 | D:4      | Reached XP level 7. HP: 52/57 MP: 7/7
  4453 | D:4      | XOM: cloud trail
  4459 | D:4      | XOM: mild Tmut miscast
  4471 | D:4      | Got an ichor-stained ring mail
  4482 | D:4      | Identified the +1 ring mail "Woirexoh" {rF+} (You found it
                  | on level 4 of the Dungeon)
  4563 | D:5      | Entered Level 5 of the Dungeon
  4570 | D:5      | XOM: mild Erth miscast
  4582 | D:5      | Noticed Menkaure
  4595 | D:5      | Killed Menkaure
  4632 | D:5      | Found Qagoit's Gadget Boutique.
  4637 | D:5      | Bought a wand of disintegration (13) for 221 gold pieces
  4665 | D:5      | Found Puipiaf's Lightly-Used Armoury.
  4683 | D:5      | Found a hazy altar of Hepliaklqana.
  4714 | D:5      | Noticed Pikel
  4718 | D:5      | XOM: harmless Hex miscast
  4723 | D:5      | XOM: divination: magic mapping
  4744 | D:5      | Killed Pikel
  4744 | D:5      | Reached skill level 4 in Polearms
  4744 | D:5      | Reached XP level 8. HP: 40/65 MP: 5/8
  4761 | D:5      | XOM: cloud trail
  4803 | D:5      | XOM: harmless Chrm miscast
  4852 | D:5      | XOM: noise
  4913 | D:5      | Found a glowing drain.
  4920 | Sewer    | Entered a sewer
  5212 | Sewer    | XOM: noise
  5321 | Sewer    | Found a white marble altar of Elyvilon.
  5394 | D:5      | XOM: summons 1 hostile demon
  5444 | D:5      | XOM: summons 4 hostile demons
  5761 | D:5      | XOM: summons 2 hostile shadow creatures
  6013 | D:6      | XOM: noise
  6045 | D:6      | Noticed Eustachio
  6046 | D:6      | Found Usmij's Assorted Antiques.
  6060 | D:6      | Found a sand-covered staircase.
  6067 | D:6      | XOM: confusion
  6075 | D:6      | XOM: harmless Ice miscast
  6101 | D:6      | Killed Eustachio
  6101 | D:6      | Reached skill level 5 in Polearms
  6132 | D:6      | Found Kewim's Food Shoppe.
  6132 | D:6      | XOM: 1-stop teleportation journey
  6251 | Ossuary  | Entered an ossuary
  6477 | Ossuary  | XOM: enchant monster (good)
  6480 | Ossuary  | XOM: summons 3 friendly demons
  6653 | Ossuary  | XOM: fake destruction
  6657 | Ossuary  | XOM: divine lightning
  6775 | Ossuary  | XOM: divination: magic mapping
  6777 | Ossuary  | Reached XP level 9. HP: 53/75 MP: 9/9
  6895 | Ossuary  | XOM: cloud trail
  6925 | Ossuary  | XOM is BORED!
  6925 | Ossuary  | XOM: silly message
  7055 | Ossuary  | XOM: potion effect (agility)
  7118 | D:6      | Reached skill level 6 in Polearms
  7292 | D:6      | XOM is BORED!
  7292 | D:6      | XOM: noise
  7344 | D:6      | XOM: harmless Conj miscast
  7347 | D:6      | Noticed Blork the orc
  7365 | D:6      | Killed Blork the orc
  7613 | D:6      | XOM: harmless Ice miscast
  7745 | D:6      | XOM is BORED!
  7745 | D:6      | XOM: harmless Necr miscast
  7833 | D:6      | Found an opulent altar of Gozag.
  7884 | D:6      | Found Etah's Gadget Shoppe.
  8093 | D:5      | Bought a -1 demon trident for 130 gold pieces
  8137 | D:7      | XOM: confusion (+ monsters)
  8379 | D:6      | XOM: god gift: 2 amethyst potions {god gift}
  8646 | D:7      | XOM: scenery: create altars
  8745 | D:7      | XOM: divination: detect items
  8752 | D:7      | Reached skill level 7 in Polearms
  8876 | D:7      | XOM: confusion (+ monsters)
  8878 | D:7      | XOM: enchant monster (good)
  8880 | D:7      | XOM: cast spell 'Summon Hydra'
  8967 | D:7      | Found a staircase to the Ecumenical Temple.
  9048 | D:7      | XOM: butterfly on damage
  9253 | D:7      | XOM is BORED!
  9253 | D:7      | XOM: summons 3 hostile demons
  9364 | D:7      | XOM: cast spell 'Call Canine Familiar'
  9370 | D:7      | Reached skill level 10 in Fighting
  9456 | D:8      | Found a stormy altar of Qazlal.
  9474 | D:8      | XOM: summons friendly iron imp
  9925 | D:8      | Reached skill level 8 in Polearms
  9925 | D:8      | Reached XP level 10. HP: 79/85 MP: 8/10
  9999 | D:8      | XOM: divination: detect items
 10007 | D:8      | XOM: god gift: 27 gold pieces
 10008 | D:8      | XOM: mild Pois miscast
 10066 | D:6      | Bought an agate ring for 115 gold pieces
 10164 | D:8      | XOM: mild Tloc miscast
 10183 | D:8      | Reached skill level 1 in Dodging
 10214 | D:8      | XOM: summons friendly shadow imp
 10215 | D:8      | XOM: cleaving
 10318 | D:8      | XOM: summons friendly shadow imp
 10542 | D:8      | XOM: harmless Necr miscast
 10567 | D:9      | XOM: enchant monster (good)
 10580 | D:9      | XOM: potion effect (heal wounds)
 10750 | D:8      | XOM: harmless Necr miscast
 10777 | D:8      | XOM: harmless Chrm miscast
 10794 | D:9      | XOM: harmless Tloc miscast
 10795 | D:9      | XOM: potion effect (brilliance)
 10874 | D:8      | XOM: harmless Hex miscast
 11286 | D:9      | Found a radiant altar of Vehumet.
 11289 | D:9      | Learned a level 1 spell: Summon Butterflies
 11396 | D:9      | Noticed Grum
 11396 | D:9      | XOM: summons 4 friendly demons
 11416 | D:9      | Killed Grum
 11574 | D:9      | XOM: god gift: scale mail {god gift}
 11796 | D:10     | Entered Level 10 of the Dungeon
 12127 | D:10     | XOM: cast spell 'Ring of Flames'
 12320 | D:10     | XOM: cast spell 'Olgreb's Toxic Radiance'
 12328 | D:10     | Reached skill level 9 in Polearms
 12358 | D:10     | XOM: divination: detect creatures
 12400 | D:10     | Noticed a spiny frog
 12400 | D:10     | a basilisk changed into a spiny frog
 12400 | D:10     | XOM: polymorph basilisk -> spiny frog
 12410 | D:10     | Killed a spiny frog
 12504 | D:10     | Found a staircase to the Lair.
 12524 | D:10     | XOM: cast spell 'Alistair's Intoxication'
 12528 | D:10     | XOM: confuse monster(s)
 12930 | D:10     | Noticed a gargoyle
 12933 | D:10     | XOM: summons friendly crimson imp
 12935 | D:10     | XOM: summons 2 friendly demons
 12936 | D:10     | XOM: god gift: coppery potion {god gift}
 12937 | D:10     | Reached XP level 11. HP: 35/90 MP: 9/11
 12938 | D:10     | XOM: summons 3 friendly demons
 12998 | D:10     | XOM: polymorph crimson imp -> shadow imp
 13035 | D:10     | XOM: scenery: 1 doors close
 13462 | D:10     | XOM: 5-stop teleportation journey
 13481 | D:10     | Reached skill level 10 in Polearms
 13564 | D:10     | XOM is BORED!
 13733 | D:10     | XOM: cast spell 'Summon Ice Beast'
 13847 | D:10     | Noticed Erolcha
 14132 | D:10     | Killed Erolcha
 14278 | D:10     | XOM: god gift: 19 gold pieces
 14370 | D:11     | Found Wesamp's Antique Armour Boutique.
 14375 | D:11     | Bought a pair of glowing boots for 120 gold pieces
 14428 | D:11     | Found Zexkyots's Antique Weapon Emporium.
 14522 | D:11     | Found Woimuir's Book Emporium.
 14579 | D:11     | Found Olim's Magic Scroll Boutique.
 14675 | D:11     | Found Siduyxiu's Distillery.
 14790 | D:11     | XOM: fog
 15041 | D:11     | Noticed a cyan ugly thing
 15051 | D:11     | XOM: enchant monster (good)
 15063 | D:11     | XOM: summons friendly iron imp
 15065 | D:11     | XOM: potion effect (experience)
 15065 | D:11     | Reached skill level 11 in Polearms
 15065 | D:11     | Reached XP level 12. HP: 97/97 MP: 15/15
 15159 | D:11     | XOM: polymorph iron imp -> crimson imp
 15234 | D:11     | Found a staircase to the Orcish Mines.
 15251 | D:11     | XOM: divination: magic mapping
 15256 | D:11     | XOM: confuse monster(s)
 15261 | D:11     | XOM: smoke on damage
 15399 | D:11     | XOM: god gift: glowing scarf {god gift}
 15669 | D:11     | XOM: cloud trail
 15806 | Lair:1   | Entered Level 1 of the Lair of Beasts
 15807 | Lair:1   | XOM: destruction
 15811 | Lair:1   | Reached skill level 12 in Polearms
 15826 | Lair:1   | Noticed an eight-headed hydra
 15945 | D:6      | Bought a wand of paralysis (7) for 117 gold pieces
 15967 | D:8      | XOM: scenery: create altars
 16083 | Lair:1   | XOM: god gift: glowing halberd {god gift}
 16356 | Lair:1   | XOM: confuse monster(s)
 16382 | Lair:1   | XOM: 1-stop teleportation journey
 16604 | Lair:1   | XOM: divination: detect creatures
 16615 | Lair:1   | Killed an eight-headed hydra
 16659 | Lair:1   | XOM: god gift: glowing dagger {god gift}
 16851 | Lair:2   | XOM: scenery: create altars
 16863 | Lair:2   | XOM: god gift: 27 bolts
 16864 | Lair:2   | XOM: confusion (+ monsters)
 16869 | Lair:2   | XOM: scenery: create altars
 16872 | Lair:2   | XOM: cast spell 'Discord'
 16880 | Lair:2   | XOM: summons friendly quasit
 16881 | Lair:2   | XOM: polymorph quasit -> iron imp
 16895 | Lair:2   | XOM: smoke on damage
 17185 | Lair:2   | Reached skill level 13 in Polearms
 17226 | Lair:2   | XOM: mild Necr miscast
 17352 | Lair:2   | Found a stormy altar of Qazlal.
 17364 | Lair:2   | XOM: divination: magic mapping
 17491 | Lair:2   | XOM: enchant monster (good)
 17855 | Lair:3   | XOM: potion effect (invisibility)
 17932 | Lair:3   | Found a staircase to the Snake Pit.
 18055 | Lair:3   | Gained mutation: You are in touch with the powers of death.
                  | [Mummy growth]
 18055 | Lair:3   | Reached XP level 13. HP: 77/103 MP: 14/16
 18217 | Lair:3   | XOM: divination: detect creatures
 18323 | Lair:3   | XOM: harmless Tmut miscast
 18337 | Lair:3   | XOM: silly message
 18363 | Lair:3   | XOM: divination: magic mapping
 18402 | Lair:3   | XOM: divination: magic mapping
 18432 | Lair:3   | Reached skill level 14 in Polearms
 18658 | Lair:3   | XOM: potion effect (invisibility)
 19213 | Lair:4   | Identified a scroll of acquirement
 19277 | Lair:4   | XOM: potion effect (magic)
 19543 | Lair:4   | Found a staircase to the Shoals.
 19557 | Lair:4   | XOM: potion effect (agility)
 19572 | Lair:4   | XOM: potion effect (brilliance)
 19577 | Lair:4   | XOM: potion effect (magic)
 19673 | Lair:4   | XOM: silly message
 19816 | Lair:4   | XOM: divination: detect creatures
 19840 | Lair:4   | Got a twisted cloak
 19851 | Lair:4   | Identified the -3 cloak of Dithmenos's Esteem {MR+ Str-5
                  | Int+4} (You acquired it on level 4 of the Lair of Beasts)
 20175 | Lair:5   | XOM: cast spell 'Call Canine Familiar'
 20196 | Lair:5   | XOM: silly message
 20238 | Lair:5   | Found a viscous altar of Jiyva.
 20238 | Lair:5   | Found a staircase to the Slime Pits.
 20270 | Lair:5   | XOM: divination: magic mapping
 20306 | Lair:5   | XOM: potion effect (haste)
 20315 | Lair:5   | Reached skill level 5 in Armour
 20315 | Lair:5   | Reached skill level 5 in Dodging
 20451 | Lair:5   | XOM: potion effect (invisibility)
 20479 | Lair:5   | Reached skill level 5 in Shields
 20498 | Lair:5   | XOM: harmless Erth miscast
 20889 | Lair:6   | Entered Level 6 of the Lair of Beasts
 20920 | Lair:5   | XOM: silly message
 21049 | Lair:6   | XOM: divination: detect items
 21086 | Lair:6   | XOM: potion effect (haste)
 21203 | Lair:6   | XOM: harmless Conj miscast
 21381 | Lair:6   | Reached XP level 14. HP: 112/113 MP: 17/17
 21630 | Lair:6   | XOM: cast spell 'Olgreb's Toxic Radiance'
 21773 | Lair:6   | XOM: potion effect (invisibility)
 21781 | Lair:6   | XOM: cast spell 'Summon Small Mammal'
 21791 | Lair:6   | XOM: cast spell 'Summon Butterflies'
 21794 | Lair:6   | XOM: potion effect (agility)
 21798 | Lair:6   | XOM: divination: magic mapping
 21870 | Lair:6   | Learned a level 1 spell: Apportation
 21876 | Lair:6   | Learned a level 5 spell: Aura of Abjuration
 21882 | Lair:6   | Learned a level 5 spell: Summon Forest
 22097 | Lair:6   | Paralysed by a floating eye for 3 turns
 22426 | D:10     | XOM: divination: detect creatures
 22484 | D:12     | XOM: god gift: scroll of brand weapon
 22516 | D:12     | XOM: harmless Tmut miscast
 22520 | D:12     | XOM: divination: magic mapping
 22608 | D:12     | Noticed Maurice
 22615 | D:12     | Killed Maurice
 22689 | D:12     | XOM: mild Ice miscast
 23131 | D:12     | XOM: divination: detect items
 23176 | D:12     | Noticed Fannar
 23179 | D:12     | XOM: potion effect (brilliance)
 23189 | D:12     | XOM: potion effect (invisibility)
 23206 | D:12     | Killed Fannar
 23460 | D:12     | XOM is BORED!
 23460 | D:12     | XOM: severe Conj miscast
 23666 | D:12     | Learned a level 1 spell: Confusing Touch
 23802 | D:13     | XOM: fake destruction
 23809 | D:13     | Got a sparkling brass ring
 23811 | D:13     | Identified the ring "Cothral" {Int+2 Slay+3 Stlth-} (You
                  | found it on level 13 of the Dungeon)
 23833 | D:13     | XOM: confuse monster(s)
 23860 | D:13     | Identified the +10 glaive "Tofracink" {antimagic, rC+ MR++}
 23866 | D:13     | Found a transporter.
 23870 | D:13     | Found a transporter.
 23870 | D:13     | Noticed Lanoc's ghost (journeyman NaGl)
 23876 | D:13     | Identified the +7 glaive "Baluc" {elec, rPois}
 23878 | D:13     | Found a bloodstained altar of Trog.
 23956 | D:13     | XOM: confuse monster(s)
 24002 | D:13     | XOM: divination: magic mapping
 24076 | D:13     | XOM: cast spell 'Call Canine Familiar'
 24120 | D:13     | Found a gate to the Vaults.
 24128 | D:13     | XOM: noise
 24280 | D:13     | XOM: harmless Ice miscast
 24282 | D:13     | XOM: harmless Chrm miscast
 24438 | D:14     | XOM: divination: detect creatures
 24478 | D:14     | XOM: cast spell 'Leda's Liquefaction'
 24495 | D:14     | XOM: potion effect (brilliance)
 24499 | D:14     | XOM: potion effect (agility)
 24502 | D:14     | XOM: divination: detect items
 24519 | D:14     | XOM: harmless Ice miscast
 24629 | D:14     | XOM: potion effect (invisibility)
 24729 | D:14     | XOM: potion effect (haste)
 24781 | D:14     | XOM: potion effect (haste)
 24967 | D:14     | XOM: cloud trail
 25129 | D:15     | Entered Level 15 of the Dungeon
 25129 | D:15     | XOM: polymorph wolf spider -> eye of devastation
 25143 | D:14     | XOM: god gift: shiny helmet {god gift}
 25417 | D:15     | XOM: mild Necr miscast
 25418 | D:15     | XOM: mild Conj miscast
 25420 | D:15     | XOM: mild Fire miscast
 25486 | D:15     | XOM: 2-stop teleportation journey
 25493 | D:15     | XOM: confuse monster(s)
 25510 | D:15     | XOM: cast spell 'Alistair's Intoxication'
 25524 | D:15     | XOM: confuse monster(s)
 25525 | D:15     | XOM: enchant monster (bad)
 25528 | D:15     | XOM: blink monster(s)
 25593 | D:15     | XOM: confuse monster(s)
 25638 | D:15     | XOM: potion effect (haste)
 25646 | D:15     | XOM: divination: magic mapping
 25651 | D:15     | XOM: cast spell 'Olgreb's Toxic Radiance'
 25668 | D:15     | Reached XP level 15. HP: 120/120 MP: 18/18
 25689 | D:15     | XOM: stat loss: -1 Int (18/19)
 25709 | D:15     | XOM: divination: detect creatures
 25712 | D:15     | XOM: enchant monster (bad)
 25750 | D:15     | XOM: enchant monster (bad)
 25768 | D:15     | XOM: divination: detect creatures
 25900 | D:15     | XOM: harmless Necr miscast
 25938 | D:15     | Found a staircase to the Depths.
 25977 | D:15     | XOM: butterfly on damage
 26176 | D:15     | XOM: smoke on damage
 26355 | D:15     | XOM: cloud trail
 26660 | D:15     | Found a basalt altar of Yredelemnul.
 26841 | Orc:1    | Entered Level 1 of the Orcish Mines
 26846 | Orc:1    | XOM: enchant monster (good)
 26855 | D:11     | XOM: harmless Conj miscast
 27223 | Orc:1    | XOM: cast spell 'Summon Ice Beast'
 27231 | Orc:1    | Noticed an orc warlord
 27248 | Orc:1    | XOM: summons 4 friendly demons
 27258 | Orc:1    | Killed an orc warlord
 27258 | Orc:1    | XOM: scenery: create altars
 27458 | Orc:2    | Entered Level 2 of the Orcish Mines
 27751 | Orc:2    | XOM: summons 12 friendly demons
 27822 | Orc:2    | Noticed Snorg
 27914 | Orc:2    | Killed Snorg
 27927 | Orc:2    | XOM: enchant monster (good)
 28166 | Orc:2    | XOM: butterfly on damage
 28234 | Orc:2    | XOM: chaos upgrade
 28251 | Orc:2    | XOM: 2-stop teleportation journey
 28256 | Orc:2    | XOM: enchant monster (bad)
 28336 | Orc:2    | XOM: summons 3 friendly demons
 28360 | Orc:2    | Found a staircase to the Elven Halls.
 28462 | Orc:2    | Found Rudghi's Distillery.
 28462 | Orc:2    | Found Fenad's Antique Weapon Emporium.
 28486 | Orc:2    | Found a roughly hewn altar of Beogh.
 28629 | Orc:2    | Found Yfeol's Jewellery Emporium.
 28629 | Orc:2    | Found Ysoraon's General Store.
 28648 | Orc:2    | Bought a +1 pair of gloves of strength for 264 gold pieces
 28908 | Snake:1  | Entered Level 1 of the Snake Pit
 28921 | Snake:1  | Reached skill level 10 in Shields
 28924 | Snake:1  | XOM: enchant monster (bad)
 28929 | Snake:1  | XOM: noise
 28939 | Snake:1  | XOM: harmless Necr miscast
 29179 | Snake:1  | XOM: mild Tloc miscast
 29181 | Snake:1  | Reached skill level 1 in Spellcasting
 29197 | Snake:1  | XOM: mild Summ miscast
 29208 | Snake:1  | Reached skill level 1 in Translocations
 29285 | Snake:1  | XOM: enchant monster (bad)
 29289 | Snake:1  | XOM: enchant monster (bad)
 29304 | Snake:1  | XOM: cleaving
 29416 | Snake:1  | XOM: harmless Fire miscast
 29424 | Snake:1  | XOM: harmless Ice miscast
 29480 | Snake:1  | XOM: cast spell 'Summon Butterflies'
 29687 | Snake:1  | XOM: harmless Tloc miscast
 29765 | Snake:1  | XOM: enchant monster (good)
 29773 | Snake:1  | XOM: potion effect (invisibility)
 29778 | Snake:1  | XOM: silly message
 29786 | Snake:1  | XOM: potion effect (experience)
 29786 | Snake:1  | Reached XP level 16. HP: 127/127 MP: 21/21
 29809 | Snake:1  | XOM: harmless Hex miscast
 29889 | Snake:1  | XOM: noise
 29907 | Snake:1  | XOM: harmless Chrm miscast
 30020 | Snake:1  | XOM: silly message
 30058 | Snake:2  | XOM: 1-stop teleportation journey
 30066 | Snake:2  | XOM: polymorph naga sharpshooter -> shining eye
 30072 | Snake:2  | XOM: snakes to sticks
 30075 | Snake:2  | XOM: 2-stop teleportation journey
 30083 | Snake:2  | XOM: divination: magic mapping
 30085 | Snake:2  | XOM: potion effect (haste)
 30089 | Snake:2  | XOM: summons friendly shadow imp
 30099 | Snake:2  | XOM: harmless Pois miscast
 30120 | Snake:2  | XOM: noise
 30125 | Snake:2  | XOM: confusion (+ monsters)
 30130 | Snake:2  | XOM: potion effect (haste)
 30132 | Snake:2  | XOM: scenery: create altars
 30148 | Snake:1  | XOM: noise
 30158 | Snake:1  | Reached skill level 5 in Spellcasting
 30168 | Snake:2  | XOM: confuse monster(s)
 30203 | Snake:2  | Reached XP level 17. HP: 133/133 MP: 12/24
 30325 | Snake:2  | Got an ichor-stained helmet
 30326 | Snake:2  | Identified the -2 helmet of Loss {Dex+4} (You found it on
                  | level 2 of the Snake Pit)
 30375 | Snake:2  | Found a runed translucent door.
 30377 | Snake:2  | Found a shimmering altar of Xom.
 30377 | Snake:2  | Noticed littlecub's ghost (journeyman DsGl)
 30485 | Snake:2  | XOM: noise
 30906 | Snake:3  | Reached skill level 5 in Translocations
 30938 | Snake:3  | XOM: divination: detect creatures
 30948 | Snake:3  | Learned a level 2 spell: Blink
 30979 | Snake:3  | XOM: medium Fire miscast
 31017 | Snake:3  | XOM: divination: detect creatures
 31027 | Snake:3  | XOM: 3-stop teleportation journey
 31076 | Snake:3  | XOM: enchant monster (good)
 31090 | Snake:3  | XOM: polymorph naga warrior -> merfolk
 31105 | Snake:3  | XOM: enchant monster (good)
 31199 | Snake:3  | XOM: potion effect (haste)
 31203 | Snake:3  | Reached skill level 1 in Summonings
 31208 | Snake:3  | XOM: scenery: create altars
 31315 | Snake:3  | XOM: divination: detect creatures
 31532 | Snake:3  | Noticed Kirke
 31535 | Snake:3  | XOM: confuse monster(s)
 31551 | Snake:3  | XOM: scenery: create altars
 31552 | Snake:3  | Noticed Kirke
 31552 | Snake:3  | Kirke changed into Kirke the azure jelly
 31552 | Snake:3  | XOM: polymorph Kirke -> Kirke the azure jelly
 31555 | Snake:3  | Killed Kirke the azure jelly
 31625 | Snake:3  | Noticed Agnes
 31643 | Snake:3  | XOM: cleaving
 31644 | Snake:3  | Killed Agnes
 31644 | Snake:3  | XOM: confuse monster(s)
 31737 | Snake:3  | XOM: snakes to sticks
 31917 | Snake:4  | XOM: noise
 31917 | Snake:4  | Entered Level 4 of the Snake Pit
 31945 | Snake:4  | XOM: polymorph mana viper -> moth of wrath
 32042 | Snake:4  | XOM: polymorph naga mage -> yak
 32062 | Snake:4  | XOM: divine lightning
 32082 | Snake:4  | XOM: fog
 32102 | Snake:4  | XOM: chaos upgrade
 32143 | Snake:4  | Got an ancient wooden ring
 32157 | Snake:4  | Identified the ring of Tugoh {Dex+2 Slay+2 SInv} (You found
                  | it on level 4 of the Snake Pit)
 32401 | Snake:4  | XOM: swap monsters
 32547 | Snake:4  | XOM: medium Chrm miscast
 32792 | Snake:4  | XOM: polymorph naga ritualist -> queen bee
 32796 | Snake:4  | XOM: polymorph queen bee -> harpy
 32850 | Snake:4  | XOM: god gift: 9 bolts
 32982 | Snake:4  | XOM: blink monster(s)
 33054 | Snake:4  | XOM: cleaving
 33197 | Snake:4  | XOM: blink monster(s)
 33203 | Snake:4  | XOM: cleaving
 33231 | Snake:4  | XOM: polymorph naga -> shapeshifter
 33258 | Snake:4  | XOM: noise
 33322 | Snake:4  | XOM: blink monster(s)
 33339 | Snake:4  | XOM: potion effect (magic)
 33342 | Snake:4  | XOM: divination: detect items
 33551 | Snake:4  | XOM: noise
 33556 | Snake:4  | XOM: enchant monster (bad)
 33576 | Snake:4  | XOM: snakes to sticks
 33692 | Snake:4  | XOM: divination: magic mapping
 33869 | Snake:4  | Reached skill level 5 in Summonings
 33989 | Snake:4  | Got a serpentine rune of Zot
 34270 | Shoals:1 | Entered Level 1 of the Shoals
 34300 | Shoals:1 | Reached XP level 18. HP: 134/143 MP: 25/25
 34382 | Shoals:1 | XOM: divination: magic mapping
 34463 | Shoals:1 | XOM: 9-stop teleportation journey
 34540 | Shoals:1 | Learned a level 5 spell: Summon Mana Viper
 34563 | Shoals:1 | Found a sacrificial altar of Ru.
 34580 | Shoals:1 | XOM: god gift: ration
 34973 | Shoals:2 | XOM: cloud trail
 35145 | Shoals:2 | XOM: harmless Ice miscast
 35192 | Shoals:2 | XOM: silly message
 35283 | Shoals:2 | XOM: medium Tloc miscast
 35292 | Shoals:2 | XOM: smoke on damage
 35295 | Shoals:2 | XOM: summons 9 hostile demons
 35442 | Shoals:1 | XOM: mild Ice miscast
 35482 | Shoals:1 | XOM: polymorph merfolk siren -> water nymph
 35638 | Shoals:2 | XOM: scenery: create altars
 35721 | Shoals:2 | Cast into level 3 of the Abyss (Xom)
 35756 | Shoals:2 | Escaped the Abyss
 35833 | Shoals:2 | XOM: summons 1 hostile demon
 35834 | Shoals:2 | XOM: harmless Ice miscast
 35845 | Shoals:2 | XOM: enchant monster (bad)
 35889 | Shoals:2 | XOM: severe Pois miscast
 36141 | Shoals:3 | Found a large runed translucent door.
 36141 | Shoals:3 | Found a large runed translucent door.
 36145 | Shoals:3 | Noticed KappaVara's ghost (adept DsFi)
 36209 | Shoals:3 | XOM: summons 2 hostile demons
 36344 | Shoals:3 | XOM: harmless Chrm miscast
 36480 | Shoals:3 | XOM: medium Hex miscast
 36610 | Shoals:3 | XOM: potion effect (haste)
 36742 | Shoals:4 | Entered Level 4 of the Shoals
 36908 | Shoals:4 | XOM: divination: magic mapping
 36913 | Shoals:4 | XOM: enchant monster (bad)
 36954 | Shoals:4 | HP: 5/145 [snapping turtle (21)]
 36955 | Shoals:4 | Slain by a snapping turtle

Levels and vault maps discovered:
D:1:      dpeg_arrival_snail, layout_loops_ring, minmay_crystal_water,
          due_unseen_surprise
D:2:      minmay_inner_zag, layout_basic, nemelex_altar_shiori,
          nicolae_overflow_crystal_walls, first_ration, minmay_between
D:3:      layout_basic, lemuel_coloured_pillars_altar, old_standard_altar
D:4:      layout_loops_ring, minmay_misc_feat_pillars, uniq_ijyb, uniq_edmund
D:5:      layout_cave_pools, gup_sewer_entry_bubbles, basic_altar, serial_shops,
          kennysheep_mini, grunt_decor_resistance, minmay_shop_damaged,
          uniq_menkaure, uniq_pikel
D:6:      layout_rooms, grunt_gozag_breadcrumbs, gup_ossuary_entry_pyramid,
          serial_shops, nicolae_shop_overgrown_old_shop,
          nicolae_shop_statue_plus, shop, uniq_eustachio, uniq_blork_the_orc
D:7:      layout_rooms, temple_doors_e, grunt_ogre_cave
D:8:      layout_cave_pools, nicolae_qazlal_general_emergency
D:9:      layout_cave_pools, grunt_ministairs_2, lemuel_statue_altar, uniq_grum
D:10:     layout_irregular_city, erik_lair_dragon, uniq_erolcha
D:11:     layout_loops_corners, kennysheep_orc_monster_closet_entryway,
          serial_shops, nicolae_shop_temple_entry_statues_fountains, shop,
          nicolae_shop_crystal, kennysheep_little_box, shop
D:12:     layout_grid_maze, eino_tiny_chamber, uniq_maurice, uniq_fannar
D:13:     layout_rooms, david_vaults_5, gammafunk_ghost_wrathful_warriors
D:14:     layout_roguey, patterned_corridor
D:15:     grunt_enter_depths_hoard, layout_irregular_city,
          lemuel_mausoleum_altar_yredelemnul
Lair:1:   beast_lair_carwin_large_4, layout_regular_city,
          grunt_forest_stairs_basic
Lair:2:   layout_loops_ring, basic_altar, serial_rivers,
          chequers_serial_rivers_small_3, chequers_serial_rivers_micro_e,
          chequers_serial_rivers_micro_d, chequers_serial_rivers_marsh,
          chequers_serial_rivers_micro_a, chequers_serial_rivers_room_a,
          st_stairs_11, infiniplex_staircase_pool
Lair:3:   layout_gridlike, dummy_snake_entry, lemuel_fruit_fields
Lair:4:   layout_hall_layers, elwin_shoals_entry_rocks, beast_lair_carwin_9,
          grunt_megastairs_5
Lair:5:   layout_roguey, slime_altar_1
Lair:6:   minmay_lair_end_frog_pond, layout_hall_layers,
          chequers_serial_rivers_small_b, minivault_24,
          minmay_stone_trees_small, disabler_island
Shoals:1: layout_shoals, lemuel_altar_in_water
Shoals:2: layout_shoals, hangedman_shoal_volcano
Shoals:3: layout_shoals, ebering_ghost_disaster_area
Shoals:4: shoals_end_grunt_ice, layout_shoals, nicolae_shoals_wave_tunnel,
          uniq_polyphemus
Snake:1:  layout_onion
Snake:2:  layout_onion_interference, ebering_ghost_xom, grunt_megastairs_3
Snake:3:  layout_grid_shapes, uniq_kirke, uniq_agnes
Snake:4:  minmay_snake_end_coiled, layout_cave_town, st_stairs_4,
          grunt_ministairs_13
Orc:1:    layout_caves
Orc:2:    st_orc_town, layout_diamond_mine, uniq_snorg

Skill      XL: |  1  2  3  4  5  6  7  8  9 10 11 12 13 14 15 16 17 18 |
---------------+-------------------------------------------------------+-----
Fighting       | 4 5 6 8 10 11 12 13 | 13.9
Polearms       | 1 2 3 4 5 8 9 11 13 14 | 14.0
Shields        | 1 2 4 5 7 11 13 | 13.5
Dodging        | 4 6 8 |  8.0
Armour         | 4 6 8 9 |  9.0
Evocations     | 4 |  4.9
Spellcasting   | 3 5 |  5.0
Translocations | 2 3 6 |  6.0
Summonings     | 5 6 |  6.6
Short Blades   | |  2.4

Action                   |  1- 3 |  4- 6 |  7- 9 | 10-12 | 13-15 | 16-18 || total
-------------------------+-------+-------+-------+-------+-------+-------++-------
Melee: Short sword       |    71 |       |       |       |       |       ||    71
       Spear             |    31 |   241 |   505 |       |       |       ||   777
       Demon trident     |       |       |   186 |   912 |  2680 |  1788 ||  5566
Throw: Dart              |       |     3 |    12 |     5 |     9 |     2 ||    31
 Cast: Blink             |       |       |       |       |       |     1 ||     1
Evoke: Wand              |     3 |       |    11 |    31 |    19 |    19 ||    83
       Lightning rod     |       |       |       |       |     4 |       ||     4
  Use: Scroll            |     3 |     2 |     8 |     5 |    13 |    16 ||    47
 Stab: Sleeping          |       |     1 |       |       |       |       ||     1
       Invisible         |       |     1 |       |     5 |    45 |     7 ||    58
       Distracted        |       |       |     1 |     1 |     3 |       ||     5
       Petrified         |       |       |     6 |     2 |       |       ||     8
       Petrifying        |       |       |       |     1 |       |       ||     1
       Paralysed         |       |       |       |     7 |    10 |     5 ||    22
       Confused          |       |       |       |       |     2 |     5 ||     7
Armor: Leather armour    |    31 |    30 |       |       |       |       ||    61
       Chain mail        |       |    66 |       |       |       |       ||    66
       Ring mail         |       |       |   234 |   227 |    40 |       ||   501
       Scale mail        |       |       |       |       |   508 |   419 ||   927
Dodge: Dodged            |    76 |    86 |   327 |   304 |   839 |   430 ||  2062
Block: Buckler           |       |    25 |   102 |   133 |    13 |       ||   273
       Shield            |       |       |       |       |   927 |   721 ||  1648
